 Dungeon Crawl Stone Soup version 0.27-a0-1202-ge72e49191c (webtiles) character file.

Game seed: 12616016044677980444

306 Froggeryz the Firebug (level 6, 0/32 HPs)
             Began as a Tengu Fire Elementalist on June 3, 2021.
             Succumbed to a scorpion's poison
             ... in the Ecumenical Temple.
             The game lasted 00:05:34 (3713 turns).

Froggeryz the Firebug (Tengu Fire Elementalist)     Turns: 3713, Time: 00:05:35

Health: 0/32       AC:  6    Str:  9    XL:     6   Next: 39%
Magic:  1/10       EV: 14    Int: 17    God:
Gold:   103        SH:  0    Dex: 14    Spells: 6/9 levels left

rFire    + . .     SeeInvis .   r - +1 short sword (vamp)
rCold    . . .     Faith    .   (no shield)
rNeg     . . .     Spirit   .   a - +0 robe
rPois    .         Reflect  .   l - +1 hat
rElec    .         Harm     .   i - +2 cloak
rCorr    .         Rampage  .   (no gloves)
Will     .....                  (boots unavailable)
Stlth    ++........             (no amulet)
HPRegen  0.10/turn              b - ring of fire
MPRegen  0.12/turn              h - ring of protection from cold

@: lethally poisoned (0 -> -19), flying quickly and evasively, quick
A: beak, talons 3, nimble flight
a: no special abilities


You were in the Ecumenical Temple.
You visited 2 branches of the dungeon, and saw 5 of its levels.

You collected 103 gold pieces.

Inventory:

Hand Weapons
 r - a +1 vampiric short sword (weapon)
Armour
 a - a +0 robe (worn)
 i - a +2 cloak (worn)
 l - a +1 hat (worn)
Jewellery
 b - a ring of fire (left hand)
 h - a ring of protection from cold (right hand)
Wands
 q - a wand of flame (13)
Scrolls
 c - a scroll of brand weapon {unknown}
 e - a scroll of fog {unknown}
 j - 2 scrolls of identify
 k - a scroll of fear {unknown}
 m - a scroll of torment {unknown}
 n - a scroll of enchant armour {unknown}
 p - 2 scrolls of teleportation
Potions
 f - 3 potions of ambrosia
 g - a potion of mutation {unknown}
 o - a potion of curing {unknown}


   Skills:
 - Level 2.1 Dodging
 - Level 2.0 Stealth
 + Level 2.0 Spellcasting
 - Level 2.1 Conjurations
 - Level 2.3 Translocations
 * Level 6.6 Fire Magic


You had 6 spell levels left.
You knew the following spells:

 Your Spells              Type           Power      Damage    Failure   Level
a - Foxfire               Conj/Fire      96%        2x1d8     3%          1
b - Blink                 Tloc           N/A        N/A       11%         2

Your spell library contained the following spells:

 Spells                   Type           Power      Damage    Failure   Level
 Magic Dart               Conj           36%        1d4       8%          1
 Conjure Flame            Conj/Fire      24%        6-21      10%         3
 Shock                    Conj/Air       20%        1d4       12%         1
 Inner Flame              Hex/Fire       19%        N/A       16%         3
 Static Discharge         Conj/Air       5%         N/A       19%         2
 Call Imp                 Summ           1%         N/A       28%         2
 Slow                     Hex            1%         N/A       28%         2
 Sticky Flame             Conj/Fire      24%        2d5       32%         4
 Mephitic Cloud           Conj/Pois/Air  4%         N/A       41%         3
 Swiftness                Air            1%         N/A       50%         3
 Fireball                 Conj/Fire      12%        3d7       65%         5
 Airstrike                Air            0%         N/A       88%         4
 Lightning Bolt           Conj/Air       2%         1d14      98%         5


Dungeon Overview and Level Annotations

Branches:
Dungeon (4/15)             Temple (1/1) D:4

Altars:
Fedhas
Makhleb
Okawaru
Ru
Vehumet
Yredelemnul
The Shining One


Innate Abilities, Weirdness & Mutations

You have a beak for a mouth.
You have claws for feet.
Your magical nature lets you fly swiftly and evasively.


Message History

The scorpion is moderately wounded.
The scorpion completely misses you. The scorpion barely misses you.
Casting: Foxfire (safe; 3% risk of failure)
Confirm with . or Enter, or press ? or * to list all spells.
You feel a surge of power!
You conjure some foxfire!
You feel sick.
The foxfire hits the scorpion but does no damage.
The scorpion is moderately wounded.
The foxfire hits the scorpion.
The scorpion is moderately wounded.
The scorpion completely misses you.
Casting: Foxfire (safe; 3% risk of failure)
Confirm with . or Enter, or press ? or * to list all spells.
You feel a surge of power!
You conjure some foxfire!
You feel sick.
The foxfire hits the scorpion.
The scorpion is heavily wounded.
The foxfire hits the scorpion but does no damage.
The scorpion is heavily wounded.
The scorpion stings you.
You are more poisoned.
The scorpion poisons you!
You hit the scorpion. Your kick misses the scorpion.
The scorpion is severely wounded.
You feel sick.
The foxfire hits the scorpion but does no damage.
The scorpion is severely wounded.
The foxfire hits the scorpion but does no damage.
The scorpion is severely wounded.
The scorpion stings you.
You hit the scorpion but do no damage. Your kick misses the scorpion.
The scorpion is severely wounded.
You feel sick.
The scorpion stings you but does no damage.
The scorpion stings you.
* * * LOW HITPOINT WARNING * * *
You are more poisoned.
The scorpion poisons you!
You hit the scorpion but do no damage.
You peck the scorpion, but do no damage.
The scorpion is severely wounded.
You die...

.....#._.#.....≈
.....#...#..._..
.....8...8......
................
................
##8.........8###
........).......
_......s@....._.
................
##8.........8###
................
..............._
.....8...8......
._...#...#......
.....#._.#.....§


You could see a scorpion.

Vanquished Creatures
  Sigmund (D:4)
  3 adders
  3 worms
  14 dart slugs
  5 orcs
  8 endoplasms
  3 giant cockroaches
  7 goblins
  4 hobgoblins
  2 jackals (D:2)
  10 kobolds
  A quokka (D:3)
  5 ball pythons
  11 bats
  6 frilled lizards
  4 rats (D:1)
87 creatures vanquished.

Vanquished Creatures (others)
  289 foxfires
  A plant (D:1)
290 creatures vanquished.

Grand Total: 377 creatures vanquished

Notes
Turn   | Place    | Note
-------+----------+-------------------------------------------
     0 | D:1      | Froggeryz the Tengu Fire Elementalist began the quest for
                  | the Orb.
     0 | D:1      | Reached XP level 1. HP: 10/10 MP: 4/4
   171 | D:1      | Reached XP level 2. HP: 13/15 MP: 0/6
   335 | D:1      | Learned a level 2 spell: Blink
   406 | D:1      | Reached skill level 4 in Fire Magic
   449 | D:1      | Found a faded altar of an unknown god.
   763 | D:1      | Reached XP level 3. HP: 19/19 MP: 4/7
  1466 | D:2      | Reached skill level 1 in Translocations
  1488 | D:2      | Reached XP level 4. HP: 24/24 MP: 5/8
  1799 | D:2      | Reached skill level 5 in Fire Magic
  2874 | D:3      | Gained mutation: Your magical nature lets you fly swiftly
                  | and evasively. [Tengu growth]
  2874 | D:3      | Reached XP level 5. HP: 28/28 MP: 6/9
  3534 | D:4      | Noticed Sigmund
  3633 | D:4      | Killed Sigmund
  3634 | D:4      | Reached skill level 6 in Fire Magic
  3634 | D:4      | Reached XP level 6. HP: 19/32 MP: 2/10
  3689 | D:4      | Found a staircase to the Ecumenical Temple.
  3699 | Temple   | Entered the Ecumenical Temple
  3701 | Temple   | HP: 1/32 [scorpion (6)]
  3713 | Temple   | Succumbed to a scorpion's poison

Illustrated notes

Levels and vault maps discovered:
D:1:      dpeg_arrival_subterranean_lakeside_camping, layout_basic,
          shapermc_ecumenical_altar_mp_urbaneastern
D:2:      layout_basic, minmay_tetromino_t2
D:3:      kennysheep_slugbush, layout_basic
D:4:      layout_rooms, nicolae_overflow_hidden_temple,
          nicolae_elyvilon_temple_path, minmay_temple_entry_mist,
          ebering_ghost_gozag, nicolae_ossuary_entry_plus,
          minmay_misc_feat_tiny, uniq_sigmund
Temple:   eino_temple_lava

Skill      XL: |  1  2  3  4  5 |
---------------+----------------+-----
Conjurations   | 2 |  2.1
Fire Magic     | 4 5 6 |  6.6
Translocations | 1 2 |  2.3
Dodging        | |  2.1
Stealth        | |  2.0
Spellcasting   | |  2.0

Action                   |  1- 3 |  4- 6 || total
-------------------------+-------+-------++-------
Melee: Unarmed           |     5 |       ||     5
       Kick              |     7 |       ||     7
       Dagger            |     8 |       ||     8
       Peck              |     3 |     1 ||     4
       Short sword       |     4 |    12 ||    16
 Cast: Foxfire           |    74 |   102 ||   176
  Use: Scroll            |       |     2 ||     2
       Potion            |       |     2 ||     2
 Stab: Sleeping          |     1 |       ||     1
Armor: Robe              |    10 |     9 ||    19
Dodge: Dodged            |    22 |    23 ||    45

Table legend: (Time is in decaauts)
 A = Elapsed time spent in this place.
 B = Non-inter-level travel time spent in this place.
 C = Inter-level travel time spent in this place.
 D = Time resting spent in this place.
 E = Time spent auto-exploring this place.
 F = Levels seen in this place.
 G = Mean time per level.
                   A        B        C        D        E       F      G
               +--------+--------+--------+--------+--------+-----+--------+
         Total |   3666 |   3578 |     88 |     60 |   2954 |   5 |  733.2 |
       Dungeon |   3652 |   3564 |     88 |     60 |   2954 |   4 |  913.0 |
        Temple |     13 |     13 |      0 |      0 |      0 |   1 |   13.0 |
               +--------+--------+--------+--------+--------+-----+--------+

Top non-repeatable levels by time:
     D:3: 1295 daAuts
     D:1: 1137 daAuts
     D:2: 1117 daAuts
     D:4: 101 daAuts
  Temple: 13 daAuts
